 Dungeon Crawl Stone Soup version 0.22.0 (webtiles) character file.

711 Drusha21 the Chopper (level 7, -6/61 HPs)
             Began as a Hill Orc Fighter on Oct 4, 2018.
             Killed from afar by an electric eel (9 damage)
             ... with a bolt of electricity
             ... on level 6 of the Dungeon.
             The game lasted 00:16:11 (3490 turns).

Drusha21 the Chopper (Hill Orc Fighter)             Turns: 3490, Time: 00:16:12

Health: -6/61      AC:  9    Str: 24    XL:     7   Next: 68%
Magic:  7/7        EV:  8    Int:  8    God:    Xom [..*...]
Gold:   198        SH: 10    Dex:  8    Spells: 6/6 levels left

rFire    . . .     SeeInvis .   a - +0 war axe
rCold    . . .     Gourm    .   c - +0 shield
rNeg     . . .     Faith    .   b - +0 scale mail
rPois    .         Spirit   .   (no helmet)
rElec    .         Reflect  .   (no cloak)
rCorr    +         Harm     .   (no gloves)
MR       .....                  h - +1 pair of boots
Stlth    ..........             (no amulet)
HPRegen  0.20/turn              j - +3 ring of strength
MPRegen  0.10/turn              n - ring of resist corrosion

@: no status effects
A: clumsy 1, mutation resistance 1
a: Renounce Religion


You were on level 6 of the Dungeon.
You worshipped Xom.
You were a toy of Xom.
You were not hungry.

You visited 1 branch of the dungeon, and saw 6 of its levels.

You collected 198 gold pieces.

Inventory:

Hand Weapons
 a - a +0 war axe (weapon)
Armour
 b - a +0 scale mail (worn)
 c - a +0 shield (worn)
 h - a +1 pair of boots (worn)
 t - a +0 leather armour
Jewellery
 j - a +3 ring of strength (left hand)
 n - a ring of resist corrosion (right hand)
Wands
 v - a wand of flame (15)
 x - a wand of paralysis (8)
Scrolls
 e - a scroll of fear {unknown}
 i - 4 scrolls of identify {unknown}
 k - a scroll of enchant weapon {unknown}
 l - a scroll of teleportation {unknown}
 p - a scroll of remove curse {unknown}
 q - a scroll of enchant armour {unknown}
 r - 2 scrolls of immolation {unknown}
 s - a scroll of amnesia {unknown}
Potions
 d - 2 potions of might
 g - 2 potions of curing {unknown}
 m - a potion of cancellation {unknown}
 o - a potion of mutation
 w - a potion of haste {unknown}
Comestibles
 f - 13 rations


   Skills:
 + Level 5.2 Fighting
 + Level 6.9 Axes
 + Level 4.6 Armour
 - Level 2.2 Dodging
 - Level 0.1 Stealth
 + Level 5.2 Shields


You had 6 spell levels left.
You didn't know any spells.
Your spell library was empty.

Dungeon Overview and Level Annotations

Branches:
Dungeon (6/15)
 Temple: D:4-7

Altars:
Trog
Vehumet
Xom
Yredelemnul

Shops:
D:5 !


Innate Abilities, Weirdness & Mutations

You are clumsy. (Dex -2)
You are somewhat resistant to further mutation.


Message History

The electric eel shoots out a bolt of lightning at you!
The bolt of electricity hits you!
The electric eel shoots out a bolt of lightning at you!
The bolt of electricity hits you!
* * * LOW HITPOINT WARNING * * *
You hit the electric eel.
The electric eel is moderately wounded.
The electric eel shoots out a bolt of lightning at you!
The bolt of electricity hits you!
* * * LOW HITPOINT WARNING * * *
Quiver which item? (- for none, * to show all) (? for menu, Esc to quit)
Okay, then.
Quiver which item? (- for none, * to show all) (? for menu, Esc to quit)
Okay, then.
It was a potion of mutation.
You feel extremely strange.
You feel clumsy.
You feel genetically stable.
Xom thinks this is hilarious!
The electric eel shoots out a bolt of lightning at you!
The bolt of electricity hits you!
You die...

# # # # ..# # ..# # #
<..# ######### #≈ ##+##
≈...# ........#
#≈##≈.≈##≈...# ........#
#≈≈≈;@≈≈≈≈...#
........######......###+#
.........................
.......................).
.........................
....>....................
................>........
.........................
.....#######+#.....######


You could see an electric eel.

Vanquished Creatures
  An ice beast (D:5)
  A centaur (D:6)
  A bullfrog (D:6)
  2 scorpions (D:5)
  An electric eel (D:6)
  A crimson imp (D:6)
  2 hounds (D:5)
  A bullfrog skeleton (D:3)
  Crazy Yiuf (D:3)
  An orc wizard (D:5)
  A hound zombie (D:6)
  8 adders
  2 worms
  3 dart slugs
  2 leopard geckos
  2 orcs (D:5)
  3 giant cockroaches (D:2)
  5 goblins
  10 hobgoblins
  7 jackals (D:1)
  3 quokkas
  11 bats
  3 frilled lizards
  9 kobolds
  5 rats
86 creatures vanquished.

Vanquished Creatures (others)
  An orc wizard (D:5)
1 creature vanquished.

Grand Total: 87 creatures vanquished

Notes
Turn   | Place    | Note
-------+----------+-------------------------------------------
     0 | D:1      | Drusha21 the Hill Orc Fighter began the quest for the Orb.
     0 | D:1      | Reached XP level 1. HP: 19/19 MP: 1/1
   147 | D:1      | Reached XP level 2. HP: 19/27 MP: 2/2
   176 | D:1      | Reached skill level 3 in Axes
   184 | D:1      | Reached XP level 3. HP: 27/33 MP: 3/3
   806 | D:2      | Reached XP level 4. HP: 39/41 MP: 4/4
   820 | D:2      | Reached skill level 4 in Axes
  1283 | D:3      | Found a runed door.
  1356 | D:3      | Reached skill level 1 in Dodging
  1356 | D:3      | Reached XP level 5. HP: 40/47 MP: 5/5
  1539 | D:3      | Found a radiant altar of Vehumet.
  1539 | D:3      | Found a faded altar of an unknown god.
  1544 | D:3      | Found a faded altar of an unknown god.
  1546 | D:3      | Found a basalt altar of Yredelemnul.
  1547 | D:3      | Found a bloodstained altar of Trog.
  1570 | D:3      | Became a worshipper of Xom the Random
  1643 | D:3      | XOM: harmless Air miscast
  1948 | D:3      | Noticed Crazy Yiuf
  1954 | D:3      | Killed Crazy Yiuf
  1994 | D:4      | You fall through a shaft!
  1994 | D:5      | Entered Level 5 of the Dungeon
  2002 | D:5      | Reached skill level 5 in Axes
  2002 | D:5      | Reached XP level 6. HP: 35/55 MP: 6/6
  2010 | D:5      | XOM: harmless Chrm miscast
  2370 | D:5      | Found Eripum's Distillery.
  2418 | D:5      | Noticed an ice beast
  2426 | D:5      | Killed an ice beast
  2426 | D:5      | Reached skill level 5 in Fighting
  2426 | D:5      | Reached skill level 6 in Axes
  2426 | D:5      | Reached XP level 7. HP: 43/61 MP: 7/7
  2524 | D:6      | XOM: mild Conj miscast
  2578 | D:6      | Reached skill level 5 in Shields
  3401 | D:6      | XOM: divination: detect creatures
  3489 | D:6      | HP: 3/61 [electric eel/bolt of electricity (13)]
  3490 | D:6      | Gained mutation: You are clumsy. (Dex -2) [potion of mutation]
  3490 | D:6      | Gained mutation: You are somewhat resistant to further mutation. [potion of mutation]
  3490 | D:6      | Killed from afar by an electric eel

Skill      XL: |  1  2  3  4  5  6  7 |
---------------+----------------------+-----
Fighting       | 4 5 |  5.2
Axes           | 3 4 5 6 |  6.9
Dodging        | 1 2 |  2.2
Shields        | 4 5 |  5.2
Armour         | 4 |  4.6
Stealth        | |  0.1

Action                   |  1- 3 |  4- 6 |  7- 9 || total
-------------------------+-------+-------+-------++-------
Melee: War axe           |   110 |   196 |    37 ||   343
  Use: Potion            |       |       |     1 ||     1
  Eat: Chunk             |       |     5 |     2 ||     7
       Ration            |       |       |     1 ||     1
Armor: Scale mail        |    67 |   105 |    17 ||   189
Dodge: Dodged            |    42 |    55 |    13 ||   110
Block: Shield            |    60 |   115 |    26 ||   201
